 Dungeon Crawl Stone Soup version 0.31-a0-358-gac0dbeb3ab (webtiles) character file.

Game seed: 5901905548395389080

137 ragingrage the Shooter (level 5, -1/35 HPs)
             Began as an Octopode Hunter on July 25, 2023.
             Slain by a gnoll
             ... wielding a +0 club
              (6 damage)
             ... on level 3 of the Dungeon.
             The game lasted 00:02:12 (2422 turns).

ragingrage the Shooter (Octopode Hunter)            Turns: 2422, Time: 00:02:12

Health: -1/35      AC:  1    Str: 11    XL:     5   Next: 20%
Magic:  5/5        EV: 13    Int: 11    God:
Gold:   166        SH:  0    Dex: 17    Spells: 2/4 levels left

rFire   . . .        a - +0 shortbow
rCold   . . .        (shield currently unavailable)
rNeg    . . .        (helmet restricted)
rPois   .            (no amulet)
rElec   .            (no ring)
rCorr   .            (no ring)
SInv    .            (no ring)
Will    .....        (no ring)
Stlth   +++          (no ring)
HPRegen 0.25/turn    (no ring)
MPRegen 0.09/turn    (no ring)
                     (no ring)

%: no passive effects
@: no status effects
A: almost no armour, amphibious, 8 rings, camouflage 1, gelatinous body 1,
(nimble swimmer 1), tentacles
a: no special abilities


You were on level 3 of the Dungeon.
You visited 1 branch of the dungeon, and saw 3 of its levels.

You collected 166 gold pieces.

Inventory:

Hand Weapons
 a - a +0 shortbow (weapon)
 b - a +0 dagger
Missiles
 d - 6 atropa-tipped darts
 k - 5 poisoned darts
Scrolls
 e - a scroll of butterflies
 f - a scroll of amnesia {unknown}
 i - 2 scrolls of identify {unknown}
 j - a scroll of teleportation {unknown}
 n - a scroll of vulnerability {unknown}
Potions
 g - a potion of lignification {unknown}
 h - a potion of enlightenment {unknown}
 l - a potion of brilliance {unknown}
 m - a potion of mutation {unknown}


   Skills:
 - Level 2.3 Fighting
 + Level 5.4 Ranged Weapons
 - Level 2.3 Dodging
 - Level 2.3 Stealth
 + Level 2.1 Poison Magic


You had 2 spell levels left.
You knew the following spells:

 Your Spells              Type           Power      Damage    Failure   Level
a - Poisonous Vapours     Pois/Air       4%         N/A       34%         2

Your spell library contained the following spells:

 Spells                   Type           Power      Damage    Failure   Level
 Sting                    Tmut/Pois      8%         1d3       24%         1
 Summon Small Mammal      Summ           0%         N/A       34%         1
 Call Canine Familiar     Summ           0%         N/A       71%         3
 Summon Guardian Golem    Hex/Summ       0%         N/A       71%         3
 Olgreb's Toxic Radiance  Pois           4%         N/A       83%         4


Dungeon Overview and Level Annotations

Branches:
Dungeon (3/15)

Altars:
Fedhas
Makhleb

Annotations:
D:3 3 runed translucent doors, Loveship's ghost, weakling DsSh


Innate Abilities, Weirdness & Mutations

You cannot wear most types of armour.
You are amphibious.
You can wear up to eight rings at the same time.
Your skin changes colour to match your surroundings (Stealth+).
Your rubbery body absorbs attacks. (AC +1, EV +1)
((You are camouflaged when in or above water. (Stealth+)))
You have tentacles for arms and can constrict up to eight enemies at once.


Message History

Aim: a gnoll, wielding a +3 spear (almost dead, 66% to hit)
You shoot an arrow. The arrow hits the gnoll.
Fire: a) +0 shortbow
Press: ? - help, Q - select action, (/) - cycle Shift-Dir - straight line, f/p - gnoll
Aim: a gnoll, wielding a +3 spear (almost dead, 66% to hit)
You shoot an arrow.
The arrow hits the gnoll but does no damage.
The gnoll barely misses you.
Fire: a) +0 shortbow
Press: ? - help, Q - select action, (/) - cycle Shift-Dir - straight line, f/p - gnoll
Aim: a gnoll, wielding a +3 spear (almost dead, 66% to hit)
You shoot an arrow. The arrow hits the gnoll.
The gnoll closely misses you. The gnoll hits you with a +0 club.
Fire: a) +0 shortbow
Press: ? - help, Q - select action, (/) - cycle Shift-Dir - straight line, f/p - gnoll
Aim: a gnoll, wielding a +3 spear (almost dead, 66% to hit)
You shoot an arrow.
The arrow hits the gnoll but does no damage.
The gnoll hits you from afar with a +3 spear!
* * * LOW HITPOINT WARNING * * *
The gnoll barely misses you.
Unknown command.
Fire: a) +0 shortbow
Press: ? - help, Q - select action, (/) - cycle Shift-Dir - straight line, f/p - gnoll
Aim: a gnoll, wielding a +3 spear (almost dead, 66% to hit)
You shoot an arrow.
The arrow hits the gnoll but does no damage.
The gnoll misses you. The gnoll closely misses you.
The gnoll attacks as you move away! The gnoll hits you with a +0 club.
* * * LOW HITPOINT WARNING * * *
Fire: a) +0 shortbow
Press: ? - help, Q - select action, (/) - cycle Shift-Dir - straight line, f/p - gnoll
Aim: a gnoll, wielding a +3 spear (almost dead, 66% to hit)
You shoot an arrow. The arrow hits the gnoll.
The gnoll closely misses you.
It was a potion of curing.
You feel better.
The gnoll hits you from afar with a +3 spear!
* * * LOW HITPOINT WARNING * * *
The gnoll hits you with a +0 club.
You die...

#########
#.......## #######
#@####...###......
#g# #.#.....#####
#g# #...######...
#g# ##### #.## #)#
#.# #.g....# # #.#
#(###..# ... #†#
...# ...<.##.##
.#.. ..........


You could see 2 gnolls and a hobgoblin.

Vanquished Creatures
  A gnoll (D:3)
  4 adders
  3 dart slugs
  2 ball pythons
  9 bats
  2 endoplasms
  4 giant cockroaches
  7 goblins
  4 hobgoblins
  12 jackals
  7 kobolds
  3 quokkas
  3 frilled lizards
  24 rats
85 creatures vanquished.

Notes
Turn   | Place    | Note
-------+----------+-------------------------------------------
     0 | D:1      | ragingrage the Octopode Hunter began the quest for the Orb.
     0 | D:1      | Reached XP level 1. HP: 14/14 MP: 1/1
    65 | D:1      | Reached XP level 2. HP: 19/19 MP: 2/2
   263 | D:1      | Reached XP level 3. HP: 25/25 MP: 3/3
  1344 | D:2      | Reached XP level 4. HP: 30/30 MP: 4/4
  1441 | D:2      | Reached skill level 5 in Ranged Weapons
  1444 | D:2      | Learned a level 2 spell: Poisonous Vapours
  1853 | D:3      | Reached skill level 1 in Poison Magic
  2016 | D:3      | Found a blossoming altar of Fedhas.
  2016 | D:3      | Found a burning altar of Makhleb.
  2193 | D:3      | Reached XP level 5. HP: 28/35 MP: 5/5
  2281 | D:3      | Found a runed translucent gate.
  2281 | D:3      | Found a runed translucent gate.
  2281 | D:3      | Found a runed translucent gate.
  2281 | D:3      | Noticed Loveship's ghost (weakling DsSh)
  2422 | D:3      | Slain by a gnoll

Illustrated notes

Levels and vault maps discovered:
D:1:      saegor_arrival_simple_d, layout_loops_ring
D:2:      layout_loops_ring, minivault_24, roderic_lattice_a, minmay_rat_hole
D:3:      layout_loops_cross, kiku_gazebo_garden_becter,
          mainiacjoe_overflow_divided_tiny, ebering_ghost_rock_garden

Skill      XL: |  1  2  3  4  5 |
---------------+----------------+-----
Stealth        | 2 |  2.3
Ranged Weapons | 5 |  5.4
Poison Magic   | 1 2 |  2.1
Fighting       | |  2.3
Dodging        | |  2.3

Action                     |  1- 3 |  4- 6 || total
---------------------------+-------+-------++-------
  Melee: Dagger            |       |    11 ||    11
         Tentacles         |       |     4 ||     4
         Constrict         |       |     3 ||     3
         Punch             |       |     1 ||     1
   Fire: Shortbow          |   102 |   101 ||   203
    Use: Potion            |       |     1 ||     1
   Stab: Sleeping          |       |     1 ||     1
 Armour: Skin              |     5 |     3 ||     8
  Dodge: Dodged            |    31 |    36 ||    67

Table legend: (Time is in decaauts)
 A = Elapsed time spent in this place.
 B = Non-inter-level travel time spent in this place.
 C = Inter-level travel time spent in this place.
 D = Time resting spent in this place.
 E = Time spent auto-exploring this place.
 F = Levels seen in this place.
 G = Mean time per level.
                   A        B        C        D        E       F      G
               +--------+--------+--------+--------+--------+-----+--------+
         Total |   2449 |   2218 |    231 |    163 |   1674 |   3 |  816.3 |
       Dungeon |   2449 |   2218 |    231 |    163 |   1674 |   3 |  816.3 |
               +--------+--------+--------+--------+--------+-----+--------+

Top non-repeatable levels by time:
     D:2: 1002 daAuts
     D:1: 809 daAuts
     D:3: 638 daAuts
